 Dungeon Crawl Stone Soup version 0.30.1-11-g7821555f0a (webtiles) character file.

Game seed: 13525205199848426256

215 Tali the Chopper (level 5, -4/42 HPs)
             Began as a Demonspawn Chaos Knight on Nov 7, 2023.
             Was a Plaything of Xom.
             Slain by Ijyb the manticore (glowing shapeshifter) (18 damage)
             ... on level 3 of the Dungeon.
             The game lasted 00:03:12 (2199 turns).

Tali the Chopper (Demonspawn Chaos Knight)          Turns: 2199, Time: 00:03:12

Health: -4/42      AC: 11    Str: 13    XL:     5   Next: 60%
Magic:  4/4        EV:  6    Int: 18    God:    Xom [*.....]
Gold:   179        SH: 10    Dex: 11    Spells: 4/4 levels left

rFire   . . .        a - +0 hand axe (chaos)
rCold   . . .        m - +0 tower shield {AC+3}
rNeg    . . .        b - +2 leather armour
rPois   .            (no helmet)
rElec   .            (no cloak)
rCorr   .            e - +0 pair of gloves
SInv    .            f - +1 pair of boots
Will    +....        (no amulet)
Stlth   +            (no ring)
HPRegen 0.27/turn    (no ring)
MPRegen 0.18/turn

%: no passive effects
@: about to teleport, attractive, flying
A: magic regeneration, demonic touch 1, talons 2, clever 1, low MP 1,
strong-willed 1
a: Renounce Religion


You were on level 3 of the Dungeon.
You worshipped Xom.
You were a special plaything of Xom.
You visited 1 branch of the dungeon, and saw 3 of its levels.

You collected 179 gold pieces.

Inventory:

Hand Weapons
 a - a +0 hand axe of chaos (weapon)
Missiles
 u - 2 poisoned darts
Armour
 b - a +2 leather armour (worn)
 e - a +0 pair of gloves (worn)
 f - a +1 pair of boots (worn)
 m - a +0 tower shield of protection (worn)
Wands
 s - a wand of polymorph (2)
Scrolls
 k - a scroll of identify {unknown}
 n - a scroll of magic mapping {unknown}
 p - a scroll of blinking {unknown}
 q - a scroll of acquirement {unknown}
 t - a scroll of noise {unknown}
Potions
 d - a potion of resistance {unknown}
 g - a potion of flight
 h - a potion of berserk rage {unknown}
 j - a potion of might {unknown}
 l - a potion of attraction {unknown}
 o - a potion of mutation {unknown}
 r - a potion of heal wounds {unknown}
Miscellaneous
 c - a piece from Xom's chessboard (15/15) (quivered)


   Skills:
 + Level 3.6 Fighting
 + Level 4.4 Axes
 + Level 2.5 Armour
 + Level 2.1 Dodging
 + Level 0.6 Stealth
 + Level 0.5 Shields


You had 4 spell levels left.
You didn't know any spells.
Your spell library contained the following spells:

 Spells                   Type           Power      Damage    Failure   Level
 Kiss of Death            Conj/Necr      0%         2d5       100%        1
 Magic Dart               Conj           0%         1d3       100%        1
 Ensorcelled Hibernation  Hex/Ice        0%         N/A       100%        2
 Searing Ray              Conj           0%         2d4       100%        2
 Confusing Touch          Hex            0%         N/A       100%        3
 Spider Form              Tmut/Pois      0%         N/A       100%        3
 Vhi's Electric Charge    Tloc/Air       0%         N/A       100%        3
 Anguish                  Hex/Necr       0%         N/A       100%        4
 Dispel Undead            Necr           0%         3d6       100%        4
 Fulminant Prism          Conj/Hex       0%         3d5       100%        4
 Arcjolt                  Conj/Air       0%         1d10      100%        5
 Maxwell's Capacitive Co  Air            0%         ∞         100%        8


Dungeon Overview and Level Annotations

Branches:
Dungeon (3/15)

Altars:
Kikubaaqudgha
Xom

Annotations:
D:3 Ijyb


Innate Abilities, Weirdness & Mutations

You regenerate magic rapidly.
Your touch may inflict minor irresistible damage on your foes.
You have razor-sharp toenails.
Your mind is acute. (Int +4, Str/Dex -1)
Your magical capacity is low. (-10% MP)
You are strong-willed. (Will+)


Message History

The jackal barks!
You hit the jackal. You freeze the jackal.
You kill the jackal!
You barely miss the jackal.
The jackal bites you but does no damage. x2
You hit the jackal. You burn the jackal.
The jackal is severely wounded.
You block the jackal's attack. x2
You hit the jackal. You burn the jackal.
You kill the jackal!
Things that are here:
a jackal corpse; the felid corpse of Natasha You hear Xom's avuncular chuckle.
Your body is suffused with distortional energy.
You feel less energetic.
You feel clever.
Your toenails lengthen and sharpen.
You pick up a book of Dreams and begin reading...
You add the spells Ensorcelled Hibernation, Spider Form and Anguish to your library.
You now have 179 gold pieces (gained 14).
Ijyb the Twisted Goblin comes into view.
She is wielding a +0 dagger and carrying a wand of mindburst (8).
Ijyb shouts!
You hit Ijyb.
Ijyb changes into a glowing shapeshifter!
Xom thinks this is hilarious!
Ijyb the glowing shapeshifter changes into a swamp worm!
You barely miss Ijyb. "Go forth and destroy!"
You feel attractive to monsters.
You are now a special plaything of Xom.
Ijyb bites you.
You hit Ijyb but do no damage. Ijyb bites you! x2
You completely miss Ijyb. You block Ijyb's attack. Ijyb barely misses you.
Unknown command.
It was a potion of flight.
You feel very buoyant.
You fly up into the air.
Ijyb the swamp worm changes into a manticore!
As you read the scroll labelled YVY VOSELEP, it crumbles to dust.
You feel strangely unstable.
It was a scroll of teleportation.
Ijyb bites you!!
You die...
Xom thinks this is hilarious!

.# .##.#..##.#..##.#.....#
#.# #
..##....##....##....##...#
#.# #
#.#..##.#..##.#..##.# ...#
#.# # #..#.##..#.##..# #
B. ### #.# #
..##....##....## .## #.# #
##..#†##..#.##.. ##. ..
#.#
.#..##.#..##.#..##.#....
##+###
..##....##....##....#
#..... #.#..##.#..##.#.@#
#..... #..#.##..#.##..#H##
#..... ..##..†)##....##...
#.....
##..#.##..#.##..#.## #
##'### .#†.##.#..##.#..##.
#.###.#
..##....##....##....
#.....### #.#..##.#..##.#
.##.# #........
#..#.##..#.# ..# # ..
#.####### ..##....##....##
# #


You could see Ijyb the manticore shaped shifter.

Vanquished Creatures
  Jessica (D:2)
  Natasha (thrice) (D:3)
  3 gnolls (D:2)
  3 adders
  3 dart slugs (D:1)
  2 endoplasms (D:2)
  2 giant cockroaches (D:2)
  5 hobgoblins
  6 jackals
  8 kobolds
  3 quokkas
  6 ball pythons
  5 bats
  3 frilled lizards
  A goblin (D:1)
  5 rats
59 creatures vanquished.

Vanquished Creatures (collateral kills)
  A bat (D:3)
  2 kobolds (D:3)
3 creatures vanquished.

Vanquished Creatures (others)
  A felid zombie (D:3)
1 creature vanquished.

Grand Total: 63 creatures vanquished

Notes
Turn   | Place    | Note
-------+----------+-------------------------------------------
     0 | D:1      | Tali the Demonspawn Chaos Knight began the quest for the
                  | Orb.
     0 | D:1      | Reached XP level 1. HP: 18/18 MP: 1/1
    63 | D:1      | XOM: silly message
   150 | D:1      | XOM: silly message
   213 | D:1      | Reached skill level 3 in Axes
   213 | D:1      | Gained mutation: Your touch may inflict minor irresistible
                  | damage on your foes. [demonic ancestry]
   213 | D:1      | Reached XP level 2. HP: 24/24 MP: 2/2
   637 | D:1      | XOM: silly message
   948 | D:2      | Gained mutation: You regenerate magic rapidly. [demonic
                  | ancestry]
   948 | D:2      | Reached XP level 3. HP: 28/29 MP: 3/3
   976 | D:2      | Reached skill level 1 in Dodging
  1006 | D:2      | Reached XP level 4. HP: 15/35 MP: 4/4
  1162 | D:2      | Noticed Jessica
  1176 | D:2      | Killed Jessica
  1177 | D:2      | Reached skill level 4 in Axes
  1293 | D:2      | XOM: give mutations
  1293 | D:2      | Gained mutation: You have sharp toenails. [Xom's mischief]
  1293 | D:2      | Gained mutation: You are strong-willed. (Will+) [Xom's
                  | mischief]
  1656 | D:2      | XOM: scenery: create altars
  1918 | D:3      | Noticed Natasha
  1922 | D:3      | Killed Natasha
  1923 | D:3      | Reached XP level 5. HP: 39/41 MP: 5/5
  1929 | D:3      | Noticed Natasha
  1933 | D:3      | Killed Natasha
  1990 | D:3      | Found an ancient bone altar of Kikubaaqudgha.
  2130 | D:3      | Noticed Natasha
  2135 | D:3      | Your ally Natasha died
  2144 | D:3      | Killed Natasha
  2161 | D:3      | XOM: give mutations
  2161 | D:3      | Gained mutation: Your magical capacity is low. (-10% MP)
                  | [Xom's mischief]
  2161 | D:3      | Gained mutation: Your mind is acute. (Int +4, Str/Dex -1)
                  | [Xom's mischief]
  2161 | D:3      | Gained mutation: You have razor-sharp toenails. [Xom's
                  | mischief]
  2192 | D:3      | Noticed Ijyb
  2194 | D:3      | Ijyb changed into Ijyb the glowing shapeshifter
  2194 | D:3      | Noticed Ijyb (glowing shapeshifter)
  2194 | D:3      | Ijyb the glowing shapeshifter changed into Ijyb the swamp
                  | worm
  2194 | D:3      | Noticed Ijyb (glowing shapeshifter)
  2195 | D:3      | XOM: potion effect (attraction)
  2198 | D:3      | Ijyb the swamp worm changed into Ijyb the manticore
  2198 | D:3      | Noticed Ijyb (glowing shapeshifter)
  2199 | D:3      | Slain by Ijyb the manticore (glowing shapeshifter)

Illustrated notes

Levels and vault maps discovered:
D:1:      co_arrival_random_square_maze, layout_rooms,
          amcnicky_mini_corridor_feature, minmay_misc_feat_four_crosses,
          dk_noncrumbling_3, nrook_mini_vaults, minmay_door_square
D:2:      layout_basic, uniq_jessica
D:3:      layout_basic, kiku_gazebo_garden_becter, serial_shops,
          nicolae_shop_rolled_up, serial_bayou_pond_c, nicolae_eternal_life,
          uniq_ijyb, uniq_natasha

Skill      XL: |  1  2  3  4  5 |
---------------+----------------+-----
Axes           | 3 4 |  4.4
Armour         | 2 |  2.5
Dodging        | 1 2 |  2.1
Fighting       | |  3.6
Stealth        | |  0.6
Shields        | |  0.5

Action                     |  1- 3 |  4- 6 || total
---------------------------+-------+-------++-------
  Melee: Hand axe          |    74 |    84 ||   158
         Touch             |    10 |       ||    10
         Punch             |       |     1 ||     1
    Use: Scroll            |       |     1 ||     1
         Potion            |       |     1 ||     1
   Stab: Paralysed         |     1 |       ||     1
 Armour: Leather armour    |    44 |    52 ||    96
  Dodge: Dodged            |    52 |    20 ||    72
  Block: Tower shield      |       |    40 ||    40
